 Dungeon Crawl Stone Soup version 0.26-a0-651-gb41185065b (webtiles) character file.

Game seed: 14261274307568466870

347 Flugslaktarn the Chopper (level 6, -6/48 HPs)
             Began as a Human Fighter on Oct 26, 2020.
             Was an Initiate of Makhleb.
             Mangled by an ogre
             ... wielding a +0 giant club
              (20 damage)
             ... on level 4 of the Dungeon.
             The game lasted 00:01:51 (3231 turns).

Flugslaktarn the Chopper (Human Fighter)            Turns: 3231, Time: 00:01:51

Health: -6/48      AC: 16    Str: 18    XL:     6   Next: 90%
Magic:  6/6        EV:  3    Int:  9    God:    Makhleb [......]
Gold:   198        SH: 10    Dex: 18    Spells: 5/5 levels left

rFire    . . .     SeeInvis .   a - +0 war axe
rCold    . . .     Faith    .   c - +0 kite shield
rNeg     . . .     Spirit   .   g - +0 plate armour
rPois    .         Reflect  .   h - +2 helmet
rElec    .         Harm     .   (no cloak)
rCorr    .         Rampage  .   k - +0 pair of gloves
MR       .....                  (no boots)
Stlth    ..........             (no amulet)
HPRegen  0.16/turn              p - +6 ring of dexterity
MPRegen  0.10/turn              (no ring)

@: lethally poisoned (-6 -> -7)
A: no striking features
a: Renounce Religion


You were on level 4 of the Dungeon.
You worshipped Makhleb.
Makhleb was noncommittal.
You visited 1 branch of the dungeon, and saw 4 of its levels.

You collected 198 gold pieces.

Inventory:

Hand Weapons
 a - a +0 war axe (weapon)
Armour
 c - a +0 kite shield (worn)
 g - a +0 plate armour (worn)
   (You took it off an orc warrior on level 3 of the Dungeon)
 h - a +2 helmet (worn)
   (You found it on level 1 of the Dungeon)
 k - a +0 pair of gloves (worn)
   (You found it on level 1 of the Dungeon)
Jewellery
 p - a +6 ring of dexterity (left hand)
   (You found it on level 2 of the Dungeon)
Scrolls
 b - a scroll of magic mapping {unknown}
 e - 5 scrolls of identify {unknown}
 f - 2 scrolls of enchant armour {unknown}
 i - a scroll of blinking {unknown}
 l - a scroll of enchant weapon {unknown}
 m - a scroll of remove curse {unknown}
 o - a scroll of noise {unknown}
Potions
 d - a potion of might
 j - a potion of stabbing
 n - a potion of heal wounds {unknown}
 q - a potion of curing {unknown}
 r - a potion of ambrosia {unknown}


   Skills:
 + Level 4.1 Fighting
 * Level 4.4 Axes
 + Level 4.1 Armour
 + Level 1.1 Dodging
 - Level 3.8 Shields
 + Level 1.1 Invocations


You had 5 spell levels left.
You didn't know any spells.
Your spell library was empty.

Dungeon Overview and Level Annotations

Branches:
Dungeon (4/15)
 Temple: D:4-7

Altars:
Makhleb
Sif Muna
Xom
The Shining One


Message History

The ogre is heavily wounded.
You feel sick.
The phantom blinks!
The ogre hits you with a +0 giant club!
You hit the ogre.
The ogre is heavily wounded.
The phantom blinks!
The ogre hits you with a +0 giant club!
* * * LOW HITPOINT WARNING * * *
You hit the ogre.
The ogre is heavily wounded.
You block the ogre's attack.
You are too injured to fight recklessly!
You barely miss the ogre.
The ogre is heavily wounded.
You feel sick. You block the ogre's attack.
Your shield and plate armour prevent you from hitting the ogre.
The ogre is heavily wounded.
You block the ogre's attack.
Your shield and plate armour prevent you from hitting the ogre.
The ogre is heavily wounded.
The ogre hits you with a +0 giant club!!
You die...

......# ......##
..#....# .##....#
###....# #.#....#
.(.....##
#.#.....#
############
#######.##
#...O@.W...# .##.#
#..###..#######.#
..#.####.........#
......>.##.......#
.........#..######
†......#.......#
.......#.......#
.....<.#..######
.............


You could see a phantom and an ogre.

Vanquished Creatures
  An orc warrior (D:3)
  2 scorpions (D:4)
  2 worker ants
  A howler monkey zombie (D:2)
  2 adders
  An adder skeleton (D:3)
  A worm (D:2)
  A dart slug (D:1)
  2 orcs (D:3)
  3 giant cockroaches
  10 goblins
  5 hobgoblins
  15 kobolds
  2 quokkas
  3 ball pythons
  4 bats
  9 frilled lizards
  11 rats
75 creatures vanquished.

Notes
Turn   | Place    | Note
-------+----------+-------------------------------------------
     0 | D:1      | Flugslaktarn the Human Fighter began the quest for the Orb.
     0 | D:1      | Reached XP level 1. HP: 18/18 MP: 1/1
    79 | D:1      | Found a shimmering blue altar of Sif Muna.
   166 | D:1      | Reached XP level 2. HP: 21/24 MP: 2/2
   484 | D:1      | Reached XP level 3. HP: 29/29 MP: 3/3
   897 | D:2      | Reached XP level 4. HP: 18/35 MP: 4/4
  1277 | D:2      | Found a burning altar of Makhleb.
  1286 | D:2      | Found a shimmering altar of Xom.
  1293 | D:2      | Became a worshipper of Makhleb the Destroyer
  1519 | D:3      | Noticed an orc warrior
  1823 | D:3      | Killed an orc warrior
  1823 | D:3      | Reached XP level 5. HP: 24/42 MP: 5/5
  2266 | D:3      | Found a faded altar of an unknown god.
  2391 | D:3      | Reached XP level 6. HP: 48/48 MP: 6/6
  2677 | D:3      | Found a glowing golden altar of the Shining One.
  2904 | D:4      | Noticed an ogre
  2917 | D:4      | Noticed a phantom
  3223 | D:4      | Reached skill level 1 in Dodging
  3223 | D:4      | Reached skill level 1 in Invocations
  3231 | D:4      | Mangled by an ogre

Illustrated notes

Levels and vault maps discovered:
D:1:      minmay_arrival_cross, layout_basic, kennysheep_flooded_box,
          minmay_heptomino_w4
D:2:      layout_rooms, grunt_temple_overflow_open
D:3:      layout_loops_ring, chequers_ecumenical_altar_simple_redux,
          nicolae_tso_swordbearing_angel
D:4:      minmay_goblin_kobold_castle, layout_rooms, minmay_temple_entry_wispy,
          nrook_loot_triangle, hangedman_abyss_or_decor_stagger,
          grunt_ministairs_11

Skill      XL: |  1  2  3  4  5  6 |
---------------+-------------------+-----
Axes           | 3 4 |  4.4
Fighting       | 4 |  4.1
Armour         | 4 |  4.1
Dodging        | 1 |  1.1
Invocations    | 1 |  1.1
Shields        | |  3.8

Action                   |  1- 3 |  4- 6 || total
-------------------------+-------+-------++-------
Melee: War axe           |    75 |   156 ||   231
  Use: Potion            |       |     2 ||     2
Armor: Scale mail        |    35 |     3 ||    38
       Chain mail        |       |    32 ||    32
       Plate armour      |       |    65 ||    65
Dodge: Dodged            |    18 |    23 ||    41
Block: Kite shield       |    42 |    85 ||   127

Table legend: (Time is in decaauts)
 A = Elapsed time spent in this place.
 B = Non-inter-level travel time spent in this place.
 C = Inter-level travel time spent in this place.
 D = Time resting spent in this place.
 E = Time spent auto-exploring this place.
 F = Levels seen in this place.
 G = Mean time per level.
                   A        B        C        D        E       F      G
               +--------+--------+--------+--------+--------+-----+--------+
         Total |   3333 |   3140 |    193 |    360 |   2141 |   4 |  833.2 |
       Dungeon |   3333 |   3140 |    193 |    360 |   2141 |   4 |  833.2 |
               +--------+--------+--------+--------+--------+-----+--------+

Top non-repeatable levels by time:
     D:3: 1491 daAuts
     D:1: 821 daAuts
     D:2: 784 daAuts
     D:4: 235 daAuts
